 Dungeon Crawl Stone Soup version 0.21.0-3-g78d12a8 (webtiles) character file.

124 mortelune the Conjurer (level 4, -2/33 HPs)
             Began as a Draconian Conjurer on Jan 16, 2018.
             Killed by nerve-wracking pain
             ... invoked by an orc priest
              (10 damage)
             ... on level 3 of the Dungeon.
             The game lasted 00:09:06 (3870 turns).

mortelune the Conjurer (Draconian Conjurer)         Turns: 3870, Time: 00:09:07

Health: -2/33      AC:  5    Str: 10    XL:     4   Next: 81%
Magic:  0/8        EV: 12    Int: 20    God:
Gold:   86         SH:  0    Dex: 11    Spells: 2/8 levels left

rFire    . . .     SeeInvis .   j - +1 short sword
rCold    . . .     Gourm    .   (no shield)
rNeg     . . .     Faith    .   (armour unavailable)
rPois    .         Spirit   .   (helmet restricted)
rElec    .         Reflect  .   (no cloak)
rCorr    .         Harm     .   (no gloves)
MR       .....                  (no boots)
Stlth    ++........             (no amulet)
HPRegen  0.11/turn              f - +3 ring of intelligence
MPRegen  0.11/turn              i - ring of wizardry

@: very slightly contaminated
A: unfitting armour, cold-blooded, AC +5
a: no special abilities


You were on level 3 of the Dungeon.
You were not hungry.

You visited 1 branch of the dungeon, and saw 3 of its levels.

You collected 86 gold pieces.

Inventory:

Hand Weapons
 c - a +0 dagger
 j - a +1 short sword (weapon)
 k - a -2 short sword
Jewellery
 f - a +3 ring of intelligence (left hand)
 i - a ring of wizardry (right hand)
Scrolls
 d - 2 scrolls of identify
 e - 2 scrolls of enchant weapon
 h - a scroll of teleportation
 l - a scroll of remove curse
Books
 a - a book of Conjurations

   Spells                             Type                      Level
   a - Magic Dart                     Conjuration                  1
   b - Searing Ray                    Conjuration                  2
   c - Dazzling Spray                 Conjuration/Hexes            3
   d - Fulminant Prism                Conjuration/Hexes            4
   e - Force Lance                    Conjuration/Translocation    4
   f - Iskenderun's Mystic Blast      Conjuration                  4
Comestibles
 b - 3 rations
 g - 5 chunks of flesh


   Skills:
 + Level 2.7 Dodging
 + Level 2.9 Stealth
 + Level 2.8 Spellcasting
 + Level 4.6 Conjurations


You had 2 spell levels left.
You knew the following spells:

 Your Spells              Type           Power        Failure   Level  Hunger
a - Magic Dart            Conj           ###.         1%          1    None
b - Searing Ray           Conj           ###...       1%          2    ##.....
c - Dazzling Spray        Conj/Hex       ##....       7%          3    ###....


Dungeon Overview and Level Annotations

Branches:
Dungeon (3/15)

Altars:
Kikubaaqudgha
Wu Jian


Innate Abilities, Weirdness & Mutations

Your plain brown scales are hard. (AC +5)
You cannot fit into any form of body armour.
You are cold-blooded and may be slowed by cold attacks.


Message History

You hit the orc priest.
The orc priest is severely wounded.
The orc priest looks satisfied for a moment.
You barely miss the orc priest.
The orc priest is severely wounded.
The orc priest barely misses you.
You closely miss the orc priest.
The orc priest is severely wounded.
The orc priest hits you but does no damage.
Casting: Magic Dart
Confirm with . or Enter, or press ? or * to list all spells.
Aiming: Magic Dart
Press: ? - help, Shift-Dir - straight line, f/p - orc priest
Aim: an orc priest, wielding an enchanted falchion and wearing a ring mail (severely wounded)
The magic dart hits the orc priest.
The orc priest is severely wounded.
The orc priest barely misses you.
The orc priest mumbles some strange prayers to Beogh against you.
Pain shoots through your body!
You die...

.).....
######........
#....)........
#..#.#........
#..#.#......# .
#...........# ..
#..#o..#.##.##.#
###...............
#.....@.......####
#.#..............#.#
##..................#
#..####.....#..##.#.
#..##......<.)..#
#...#.##.#...........
#..............#.####
##...<.........[..#
#.##.###...........


You could see an orc priest.

Vanquished Creatures
  A killer bee zombie (D:2)
  3 adders
  2 leopard geckos
  2 orcs (D:3)
  10 bats
  4 giant cockroaches
  11 goblins
  6 hobgoblins
  6 jackals
  2 quokkas (D:2)
  A ball python (D:2)
  8 frilled lizards
  9 kobolds
  4 rats
69 creatures vanquished.

Vanquished Creatures (others)
  4 toadstools (D:1)
4 creatures vanquished.

Grand Total: 73 creatures vanquished

Notes
Turn   | Place    | Note
-------+----------+-------------------------------------------
     0 | D:1      | mortelune the Draconian Conjurer began the quest for the Orb.
     0 | D:1      | Reached XP level 1. HP: 14/14 MP: 3/3
   334 | D:1      | Reached XP level 2. HP: 20/20 MP: 3/5
   338 | D:1      | Learned a level 2 spell: Searing Ray
  1288 | D:1      | Reached XP level 3. HP: 26/26 MP: 1/6
  1306 | D:1      | Learned a level 3 spell: Dazzling Spray
  2351 | D:2      | Found an ancient bone altar of Kikubaaqudgha.
  2438 | D:2      | Reached XP level 4. HP: 33/33 MP: 3/7
  3442 | D:2      | Found an ornate altar of the Wu Jian Council.
  3870 | D:3      | Killed from afar by an orc priest

Skill      XL: |  1 |
---------------+----+-----
Stealth        | 2 |  2.9
Dodging        | 2 |  2.7
Spellcasting   | |  2.8
Conjurations   | |  4.6

Action                   |  1- 3 |  4- 6 || total
-------------------------+-------+-------++-------
Melee: Dagger            |     9 |       ||     9
       Short sword       |    18 |    15 ||    33
       Tailslap          |     3 |       ||     3
 Cast: Magic Dart        |    77 |    47 ||   124
       Searing Ray       |     4 |     6 ||    10
  Use: Scroll            |     6 |       ||     6
       Potion            |       |     1 ||     1
  Eat: Chunk             |     3 |     4 ||     7
       Ration            |     1 |       ||     1
Armor: Skin              |    13 |     7 ||    20
Dodge: Dodged            |    21 |    18 ||    39
